 Dungeon Crawl Stone Soup version 0.29-a0-330-g52719c12eb (webtiles) character file.

Game seed: 563712105351751892

4111 Argons the Cleaver (level 10, 0/123 HPs)
             Began as a Gnoll Berserker on Apr 16, 2022.
             Was a High Priest of Trog.
             Slain by an orc warrior
             ... wielding a +0 war axe
              (17 damage)
             ... in a bailey.
             The game lasted 00:42:59 (7462 turns).

Argons the Cleaver (Gnoll Berserker)                Turns: 7462, Time: 00:43:00

Health: 0/123      AC:  7    Str: 21    XL:     10   Next: 26%
Magic:  17/17      EV: 14    Int:  7    God:    Trog [*****.]
Gold:   417        SH:  0    Dex: 11    Spells: 19/19 levels left

rFire   x . .      SeeInvis +   p - +0 war axe
rCold   . . .      Faith    .   (no shield)
rNeg    + + .      Spirit   .   m - +1 leather armour of Kikubaaqudgha's Wrath {rF- rN++ Regen+}
rPois   +          Reflect  .   (no helmet)
rElec   .          Harm     .   G - +0 cloak
rCorr   .          Rampage  .   b - +0 pair of gloves
Will    .....                   (no boots)
Stlth   ..........              (no amulet)
HPRegen 1.10/turn               n - ring of poison resistance
MPRegen 0.15/turn               a - ring of see invisible

@: berserking, very quick
A: fangs 1, strong nose, distributed training
a: Renounce Religion, Berserk, Trog's Hand, Brothers in Arms


You were in a bailey.
You worshipped Trog.
Trog was extremely pleased with you.
You visited 2 branches of the dungeon, and saw 9 of its levels.
You also visited: Sewer and Bailey.

You collected 417 gold pieces.

Inventory:

Hand Weapons
 l - a +1 dagger of venom
 p - a +0 war axe (weapon)
Missiles
 h - 10 boomerangs (quivered)
 i - 23 poisoned darts
 E - a boomerang of dispersal
 H - 2 curare-tipped darts
Armour
 b - a +0 pair of gloves (worn)
 m - the +1 leather armour of Kikubaaqudgha's Wrath (worn) {rF- rN++ Regen+}
   (You found it on level 2 of the Dungeon)

   rF:        It makes you vulnerable to fire.
   rN:        It greatly protects you from negative energy.
   Regen:     It increases your rate of health regeneration.
 w - the +0 ring mail of Oneunef {Rampage Str+2 Dex+4}
   (You found it in a sewer)

   Str:       It affects your strength (+2).
   Dex:       It affects your dexterity (+4).
   Rampage:   It bestows one free step when moving towards enemies.
 F - the +1 robe of Wodoess {-Tele rElec SInv}
   (You found it on level 6 of the Dungeon)

   rElec:     It insulates you from electricity.
   SInv:      It lets you see invisible.
   -Tele:     It prevents most forms of teleportation.
 G - a +0 cloak (worn)
Jewellery
 a - a ring of see invisible (right hand)
 n - a ring of poison resistance (left hand)
Wands
 q - a wand of paralysis (10)
 v - a wand of iceblast (16)
 J - a wand of mindburst (11)
 K - a wand of polymorph (3)
Scrolls
 f - 6 scrolls of teleportation
 j - 3 scrolls of fog
 o - 2 scrolls of holy word
 s - a scroll of enchant armour
 t - a scroll of enchant weapon
 y - 2 scrolls of fear
 z - a scroll of summoning {unknown}
 A - a scroll of immolation {unknown}
 C - a scroll of noise {unknown}
 D - a scroll of magic mapping {unknown}
 I - a scroll of amnesia {unknown}
Potions
 c - 4 potions of might
 d - a potion of lignification
 e - 4 potions of heal wounds
 g - 3 potions of curing
 k - a potion of haste
 r - 2 potions of attraction
 u - a potion of resistance
 x - 2 potions of invisibility
 B - a potion of flight


   Skills:
 + Level 8.4 Fighting
 + Level 5.1 Short Blades
 + Level 5.1 Long Blades
 + Level 8.4 Axes
 + Level 5.1 Maces & Flails
 + Level 5.1 Polearms
 + Level 5.1 Staves
 + Level 5.1 Slings
 + Level 5.1 Bows
 + Level 5.1 Crossbows
 + Level 5.1 Throwing
 + Level 6.9 Armour
 + Level 6.9 Dodging
 + Level 5.1 Stealth
 + Level 5.1 Shields
 + Level 5.1 Unarmed Combat
 + Level 5.1 Spellcasting
 + Level 4.2 Conjurations
 + Level 4.2 Hexes
 + Level 4.2 Summonings
 + Level 4.2 Necromancy
 + Level 4.2 Translocations
 + Level 4.2 Transmutations
 + Level 4.2 Fire Magic
 + Level 4.2 Ice Magic
 + Level 4.2 Air Magic
 + Level 4.2 Earth Magic
 + Level 4.2 Poison Magic
 + Level 5.6 Invocations
 + Level 5.1 Evocations


You had 19 spell levels left.
You didn't know any spells.
Your spell library was empty.

Dungeon Overview and Level Annotations

Branches:
Dungeon (8/15)             Temple (1/1) D:4           Sewer (visited)
 Bailey (1/1)
   Lair: D:8-11

Altars:
Ashenzari
Cheibriados
Dithmenos
Elyvilon
Fedhas
Gozag
Hepliaklqana
Kikubaaqudgha
Makhleb
Nemelex Xobeh
Okawaru
Qazlal
Ru
Sif Muna
Trog
Uskayaw
Vehumet
Wu Jian
Xom
Yredelemnul
Zin
The Shining One

Shops:
D:4 [:[


Innate Abilities, Weirdness & Mutations

You have very sharp teeth.
Your uncanny sense of smell can sniff out nearby items.
Your experience applies equally to all skills.


Message History

You hit the orc warrior.
The orc warrior is moderately wounded.
You slash the gnoll!
You kill the gnoll!
Trog accepts your kill. The orc warrior barely misses you.
You closely miss the orc warrior. Your bite misses the orc warrior.
The orc warrior is moderately wounded.
The orc warrior hits you with a +0 war axe.
You hit the orc warrior but do no damage.
The orc warrior is moderately wounded.
The orc warrior hits you with a +0 war axe!
You hit the orc warrior.
The orc warrior is heavily wounded.
The orc warrior closely misses you.
You closely miss the orc warrior.
You bite the orc warrior, but do no damage.
The orc warrior is heavily wounded.
The orc warrior hits you with a +0 war axe.
The orc shouts!
You hit the orc warrior but do no damage.
The orc warrior is heavily wounded.
You closely miss the hobgoblin.
You hear a shout!
The orc warrior hits you with a +0 war axe!
The hobgoblin hits you with a +0 hand axe.
You closely miss the orc warrior.
The orc warrior is heavily wounded.
You closely miss the hobgoblin.
The orc warrior hits you with a +0 war axe!!
* * * LOW HITPOINT WARNING * * *
The hobgoblin completely misses you.
You feel much better.
The orc warrior hits you with a +0 war axe!
* * * LOW HITPOINT WARNING * * *
The hobgoblin closely misses you.
A red film seems to cover your vision as you go berserk!
You feel yourself moving faster!
You feel mighty!
The orc warrior hits you with a +0 war axe!
You die...

..........#∆∆ ..
.........###∆ ### ....
##.....###.### ###.###o..
###.#'#.....###
###.....#'#
###.).......###.........##
#...........#..o........#
#...........#...........#
#.....⌠.....#g....⌠.....#
#...........@o..........#
#...........#)..........#
##)........###.........##
###.....### ###.....###
###.### ###.### ### ###


You could see an orc warrior, an orc and a hobgoblin.

Vanquished Creatures
  An orc knight (Bailey)
  A yak (D:8)
  A wyvern (D:8)
  A steam dragon (D:8)
  2 water moccasins
  3 orc warriors
  A sky beast (D:6)
  A black bear (D:5)
  An ice beast (D:5)
  2 ogres
  3 centaurs
  A kobold brigand (D:7)
  A necrophage (D:6)
  3 bullfrogs
  3 scorpions
  5 killer bees (D:7)
  6 howler monkeys
  2 hounds
  5 orc priests
  2 gnoll shamans
  An iguana (D:5)
  7 orc wizards
  29 gnolls
  8 adders
  10 river rats
  A white imp (D:7)
  2 ufetubi
  A worm (D:2)
  2 dart slugs
  41 orcs
  25 ball pythons
  5 endoplasms
  4 giant cockroaches
  12 goblins
  5 hobgoblins
  14 jackals
  12 kobolds
  4 quokkas
  3 bats
  7 frilled lizards
  30 rats
268 creatures vanquished.

Vanquished Creatures (others)
  3 plants (D:3)
3 creatures vanquished.

Grand Total: 271 creatures vanquished

Notes
Turn   | Place    | Note
-------+----------+-------------------------------------------
     0 | D:1      | Argons the Gnoll Berserker began the quest for the Orb.
     0 | D:1      | Reached XP level 1. HP: 23/23 MP: 1/1
    48 | D:1      | Reached XP level 2. HP: 20/29 MP: 2/2
   496 | D:1      | Reached XP level 3. HP: 26/35 MP: 3/3
   950 | D:2      | Reached skill level 1 in Invocations
  1023 | D:2      | Reached skill level 1 in Short Blades
  1023 | D:2      | Reached skill level 1 in Long Blades
  1023 | D:2      | Reached skill level 1 in Maces & Flails
  1023 | D:2      | Reached skill level 1 in Polearms
  1023 | D:2      | Reached skill level 1 in Staves
  1023 | D:2      | Reached skill level 1 in Slings
  1023 | D:2      | Reached skill level 1 in Bows
  1023 | D:2      | Reached skill level 1 in Crossbows
  1023 | D:2      | Reached skill level 1 in Throwing
  1023 | D:2      | Reached skill level 1 in Stealth
  1023 | D:2      | Reached skill level 1 in Shields
  1023 | D:2      | Reached skill level 1 in Unarmed Combat
  1023 | D:2      | Reached skill level 1 in Spellcasting
  1023 | D:2      | Reached skill level 1 in Evocations
  1037 | D:2      | Identified the +1 leather armour of Kikubaaqudgha's Wrath
                  | {rF- rN++ Regen+}
  1299 | D:2      | Reached XP level 4. HP: 41/41 MP: 5/5
  1504 | D:2      | Reached ** piety under Trog
  1566 | D:3      | Found a faded altar of an unknown god.
  1911 | D:3      | Reached skill level 1 in Conjurations
  1911 | D:3      | Reached skill level 1 in Hexes
  1911 | D:3      | Reached skill level 1 in Summonings
  1911 | D:3      | Reached skill level 1 in Necromancy
  1911 | D:3      | Reached skill level 1 in Translocations
  1911 | D:3      | Reached skill level 1 in Transmutations
  1911 | D:3      | Reached skill level 1 in Fire Magic
  1911 | D:3      | Reached skill level 1 in Ice Magic
  1911 | D:3      | Reached skill level 1 in Air Magic
  1911 | D:3      | Reached skill level 1 in Earth Magic
  1911 | D:3      | Reached skill level 1 in Poison Magic
  2010 | D:3      | Reached XP level 5. HP: 43/47 MP: 5/7
  2164 | D:3      | Reached XP level 6. HP: 50/53 MP: 8/8
  2330 | D:3      | Reached skill level 5 in Armour
  2330 | D:3      | Reached skill level 5 in Dodging
  2442 | D:3      | Reached *** piety under Trog
  2618 | D:3      | Reached XP level 7. HP: 33/59 MP: 10/10
  3204 | D:4      | Reached **** piety under Trog
  3210 | D:4      | Found Radeikk's Antique Armour Emporium.
  3212 | D:4      | Found Qiupriom's Book Shoppe.
  3214 | D:4      | Found Cayg's Armour Emporium.
  3471 | D:4      | Found a staircase to the Ecumenical Temple.
  3605 | Temple   | Entered the Ecumenical Temple
  3994 | D:5      | Entered Level 5 of the Dungeon
  4055 | D:5      | Reached XP level 8. HP: 60/67 MP: 12/12
  4357 | D:5      | Found a glowing drain.
  4361 | Sewer    | Entered a sewer
  4502 | Sewer    | Reached ***** piety under Trog
  4577 | Sewer    | Identified the +0 ring mail of Oneunef {Rampage Str+2
                  | Dex+4}
  5084 | D:6      | Received a gift from Trog
  5183 | D:6      | Reached XP level 9. HP: 73/73 MP: 14/14
  5294 | D:6      | Found a radiant altar of Vehumet.
  5677 | D:6      | Identified the +1 robe of Wodoess {-Tele rElec SInv}
  6532 | D:7      | Reached skill level 5 in Invocations
  7045 | D:8      | Noticed a two-headed ogre
  7136 | D:8      | Reached XP level 10. HP: 80/80 MP: 17/17
  7197 | D:8      | Found a flagged portal.
  7211 | Bailey   | Entered a bailey
  7297 | Bailey   | Noticed an orc knight
  7353 | Bailey   | Killed an orc knight
  7354 | Bailey   | Reached skill level 5 in Short Blades
  7354 | Bailey   | Reached skill level 5 in Long Blades
  7354 | Bailey   | Reached skill level 5 in Maces & Flails
  7354 | Bailey   | Reached skill level 5 in Polearms
  7354 | Bailey   | Reached skill level 5 in Staves
  7354 | Bailey   | Reached skill level 5 in Slings
  7354 | Bailey   | Reached skill level 5 in Bows
  7354 | Bailey   | Reached skill level 5 in Crossbows
  7354 | Bailey   | Reached skill level 5 in Throwing
  7354 | Bailey   | Reached skill level 5 in Stealth
  7354 | Bailey   | Reached skill level 5 in Shields
  7354 | Bailey   | Reached skill level 5 in Unarmed Combat
  7354 | Bailey   | Reached skill level 5 in Spellcasting
  7354 | Bailey   | Reached skill level 5 in Evocations
  7462 | Bailey   | Slain by an orc warrior

Illustrated notes

Levels and vault maps discovered:
D:1:      dpeg_arrival_short_road, layout_basic
D:2:      layout_loops_ring, feat_on_display
D:3:      lemuel_castle_with_subvaults [lemuel_castle_interior_carwin_1],
          layout_rooms, basic_ecumenical_altar
D:4:      layout_rooms, minmay_temple_entry_metal_lava, nicolae_wooded_promenade
D:5:      layout_rooms, gup_sewer_entry_spiral
D:6:      layout_rooms, vehumet_crystals
D:7:      layout_gridville, grunt_decor_mini_mirrors
D:8:      layout_basic, enter_bailey_2
Temple:   roderic_octagonal_lattice_temple
Bailey:   bailey_axe_minmay_hex_keep, bailey

Skill      XL: |  1  2  3  4  5  6  7  8  9 10 |
---------------+-------------------------------+-----
Invocations    | 1 2 3 4 5 |  5.6
Short Blades   | 1 2 3 4 5 |  5.1
Long Blades    | 1 2 3 4 5 |  5.1
Maces & Flails | 1 2 3 4 5 |  5.1
Polearms       | 1 2 3 4 5 |  5.1
Staves         | 1 2 3 4 5 |  5.1
Slings         | 1 2 3 4 5 |  5.1
Bows           | 1 2 3 4 5 |  5.1
Crossbows      | 1 2 3 4 5 |  5.1
Throwing       | 1 2 3 4 5 |  5.1
Stealth        | 1 2 3 4 5 |  5.1
Shields        | 1 2 3 4 5 |  5.1
Unarmed Combat | 1 2 3 4 5 |  5.1
Spellcasting   | 1 2 3 4 5 |  5.1
Evocations     | 1 2 3 4 5 |  5.1
Conjurations   | 1 2 3 4 |  4.2
Hexes          | 1 2 3 4 |  4.2
Summonings     | 1 2 3 4 |  4.2
Necromancy     | 1 2 3 4 |  4.2
Translocations | 1 2 3 4 |  4.2
Transmutations | 1 2 3 4 |  4.2
Fire Magic     | 1 2 3 4 |  4.2
Ice Magic      | 1 2 3 4 |  4.2
Air Magic      | 1 2 3 4 |  4.2
Earth Magic    | 1 2 3 4 |  4.2
Poison Magic   | 1 2 3 4 |  4.2
Armour         | 5 6 |  6.9
Dodging        | 5 6 |  6.9
Fighting       | 7 8 |  8.4
Axes           | 7 8 |  8.4

Action                   |  1- 3 |  4- 6 |  7- 9 | 10-12 || total
-------------------------+-------+-------+-------+-------++-------
Melee: Hand axe          |   103 |   219 |    76 |       ||   398
       Bite              |     9 |    29 |    61 |    10 ||   109
       Punch             |       |     6 |     9 |     2 ||    17
       War axe           |       |       |   484 |    57 ||   541
Throw: Stone             |    14 |     5 |       |       ||    19
       Boomerang         |       |       |    50 |    16 ||    66
       Dart              |       |       |     5 |       ||     5
Invok: Berserk           |       |       |     1 |     2 ||     3
       Trog's Hand       |       |       |       |     1 ||     1
  Use: Scroll            |     4 |     2 |    11 |       ||    17
       Potion            |       |     1 |       |     1 ||     2
 Stab: Sleeping          |     2 |     2 |     5 |       ||     9
Armor: Animal skin       |     9 |       |       |       ||     9
       Leather armour    |     2 |    49 |   138 |     4 ||   193
Dodge: Dodged            |    61 |   122 |   404 |    29 ||   616

Table legend: (Time is in decaauts)
 A = Elapsed time spent in this place.
 B = Non-inter-level travel time spent in this place.
 C = Inter-level travel time spent in this place.
 D = Time resting spent in this place.
 E = Time spent auto-exploring this place.
 F = Levels seen in this place.
 G = Mean time per level.
                   A        B        C        D        E       F      G
               +--------+--------+--------+--------+--------+-----+--------+
         Total |   7644 |   7253 |    391 |    919 |   1067 |  11 |  694.9 |
       Dungeon |   6501 |   6131 |    370 |    816 |    732 |   8 |  812.6 |
        Temple |    377 |    356 |     21 |      0 |    335 |   1 |  377.0 |
         Sewer |    500 |    500 |      0 |     50 |      0 |   1 |  500.0 |
        Bailey |    263 |    263 |      0 |     53 |      0 |   1 |  263.0 |
               +--------+--------+--------+--------+--------+-----+--------+

Top non-repeatable levels by time:
     D:3: 1474 daAuts
     D:7: 1189 daAuts
     D:2: 851 daAuts
     D:1: 789 daAuts
     D:5: 713 daAuts
     D:6: 667 daAuts
     D:4: 510 daAuts
   Sewer: 500 daAuts
  Temple: 377 daAuts
     D:8: 305 daAuts
  Bailey: 263 daAuts
